Map: [ESL] Crimson Court

Players

Firefly - Winner!

  • Race: Protoss Protoss
  • Spawn Location: 1:00

Jieshi

  • Race: Protoss Protoss
  • Spawn Location: 7:00

Event: ESL SC2 Masters 2024 Spring (Regional)

VOD

Have the link to the VOD?

Description

Time

  • Played on: April 25, 2024, 7:47 a.m.
  • Length: 11:57

All games in this series

Show
View Real Time Build Order
Export as new Build Order

Firefly Protoss - Winner!

Build Orders:  

Get SALT Encoding   

  12  0:00  Probe  
  13  0:12  Probe  
  14  0:17  Pylon  
  14  0:24  Probe  
  15  0:35  Gateway  
  15  0:36  Probe (Chrono Boost)  
  16  0:46  Assimilator, Probe (Chrono Boost)  
  17  0:51  Probe (Chrono Boost)  
  18  0:57  Assimilator  
  18  1:03  Probe (Chrono Boost)  
  19  1:10  Gateway  
  19  1:15  Probe (Chrono Boost)  
  20  1:21  Probe (Chrono Boost)  
  20  1:25  Cybernetics Core  
  21  1:33  Probe  
  21  1:36  Pylon  
  22  1:45  Probe  
  23  1:57  Probe  
  24  2:01  Stalker x2  
  24  2:02  Warp Gate  
  28  2:09  Pylon  
  29  2:25  Pylon  
  28  2:31  Stalker  
  28  2:32  Stalker  
  32  2:53  Nexus  
  32  2:58  Probe  
  33  3:09  Sentry x2  
  33  3:11  Probe  
  38  3:15  Pylon  
  38  3:22  Robotics Facility  
  39  3:27  Probe  
  39  3:39  Probe (Chrono Boost)  
  41  3:48  Probe (Chrono Boost)  
  41  3:51  Sentry  
  41  3:52  Stalker  
  41  3:53  Probe (Chrono Boost)  
  45  4:04  Phoenix  
  45  4:05  Probe (Chrono Boost)  
  45  4:06  Probe (Chrono Boost)  
  45  4:09  Twilight Council  
  49  4:18  Probe x2 (Chrono Boost)  
  49  4:23  Probe x2 (Chrono Boost)  
  50  4:28  Nexus  
  51  4:31  Probe  
  51  4:32  Probe  
  53  4:38  Robotics Facility  
  53  4:44  Probe, Forge  
  54  4:46  Probe  
  55  4:55  Pylon  
  55  4:56  Probe  
  55  4:58  Probe  
  57  5:05  Gateway  
  57  5:06  Gateway  
  57  5:09  Assimilator  
  57  5:11  Stalker x2  
  61  5:14  Pylon  
  61  5:15  Protoss Ground Weapons Level 1 (Chrono Boost)  
  61  5:24  Blink (Chrono Boost)  
  61  5:27  Pylon  
  61  5:35  Stalker x2  
  64  5:40  Probe  
  65  5:43  Shield Battery  
  63  5:54  Probe  
  63  5:55  Shield Battery, Probe  
  63  5:56  Probe  
  64  6:02  Stalker x3  
  64  6:03  Stalker  
  72  6:07  Probe (Chrono Boost)  
  72  6:11  Observer, Probe (Chrono Boost)  
  76  6:20  Probe (Chrono Boost)  
  76  6:23  Probe (Chrono Boost)  
  76  6:24  Probe (Chrono Boost)  
  76  6:27  Assimilator  
  76  6:30  Probe (Chrono Boost)  
  76  6:31  Probe (Chrono Boost)  
  79  6:33  Stalker  
  79  6:36  Probe (Chrono Boost)  
  79  6:38  Probe (Chrono Boost)  
  83  6:41  Phoenix, Stalker x2, Probe (Chrono Boost)  
  83  6:42  Stalker  
  83  6:43  Probe x2 (Chrono Boost)  
  91  6:47  Pylon  
  91  6:49  Probe  
  91  6:53  Probe  
  93  6:59  Pylon  
  93  7:00  Protoss Ground Weapons Level 2 (Chrono Boost)  
  93  7:02  Pylon, Observer  
  93  7:04  Pylon  
  93  7:05  Probe x2  
  96  7:12  Nexus  
  96  7:15  Pylon, Probe  
  97  7:17  Probe  
  98  7:26  Stalker x3  
  104  7:30  Stalker  
  106  7:39  Gateway  
  106  7:41  Gateway  
  106  7:45  Gateway  
  106  7:47  Gateway  
  106  7:58  Stalker x4  
  91  8:25  Immortal (Chrono Boost)  
  91  8:26  Stalker x4  
  89  8:30  Pylon  
  93  8:36  Adept x2  
  93  8:40  Stalker, Shield Battery  
  99  8:46  Stalker  
  99  8:47  Nexus  
  101  8:50  Pylon  
  101  8:56  Stalker x6  
  113  9:07  Probe x3  
  116  9:14  Shield Battery  
  116  9:19  Probe  
  116  9:23  Stalker x5  
  124  9:30  Stalker x2  
  116  9:39  Observer  
  116  9:42  Stalker  
  99  10:00  Stalker x3  
  99  10:02  Probe x2  
  99  10:03  Probe  
  108  10:09  Zealot x5  
  118  10:15  Charge  
  110  10:40  Stalker x5  
  108  10:43  Stalker  
  108  10:46  Zealot, Stalker  
  106  10:59  Observer  
  101  11:11  Stalker x3  
  106  11:20  Stalker x2  
  106  11:25  Stalker, Probe x3  
  114  11:30  Adept x2  
  118  11:34  Nexus  
  114  11:49  Stalker  
  114  11:50  Stalker x3  
Show
View Real Time Build Order
Export as new Build Order

Jieshi Protoss 

Build Orders: Oracle Opening 

Get SALT Encoding   

  12  0:00  Probe  
  13  0:12  Probe  
  14  0:17  Pylon  
  14  0:24  Probe (Chrono Boost)  
  15  0:36  Gateway  
  15  0:37  Probe (Chrono Boost)  
  16  0:44  Probe (Chrono Boost)  
  16  0:46  Assimilator  
  17  0:51  Probe  
  17  0:55  Assimilator  
  18  1:03  Probe (Chrono Boost)  
  19  1:07  Gateway  
  19  1:12  Probe (Chrono Boost)  
  19  1:17  Probe (Chrono Boost)  
  20  1:24  Cybernetics Core  
  21  1:29  Probe  
  22  1:35  Pylon  
  22  1:41  Probe  
  23  1:53  Probe  
  24  2:00  Warp Gate, Stalker  
  26  2:02  Stalker  
  28  2:11  Pylon  
  28  2:23  Stargate  
  28  2:37  Stalker  
  29  2:52  Nexus  
  29  3:01  Shield Battery  
  29  3:04  Oracle (Chrono Boost)  
  29  3:11  Probe  
  33  3:17  Pylon  
  33  3:23  Probe  
  34  3:30  Twilight Council  
  34  3:36  Probe  
  35  3:44  Gateway  
  35  3:48  Probe  
  36  3:53  Stalker  
  38  4:01  Blink (Chrono Boost)  
  38  4:02  Probe (Chrono Boost)  
  39  4:07  Probe (Chrono Boost)  
  40  4:16  Probe x2 (Chrono Boost)  
  42  4:21  Probe (Chrono Boost)  
  43  4:24  Probe  
  43  4:30  Gateway  
  44  4:33  Probe  
  44  4:36  Probe  
  46  4:46  Probe  
  46  4:47  Stalker  
  46  4:48  Stalker  
  46  4:49  Stalker  
  46  4:51  Probe  
  54  4:58  Probe  
  55  5:03  Probe  
  56  5:10  Nexus  
  56  5:13  Pylon  
  56  5:15  Probe  
  56  5:16  Probe  
  58  5:24  Forge  
  58  5:27  Probe  
  59  5:29  Probe  
  60  5:38  Stalker  
  60  5:39  Stalker x2, Probe  
  60  5:41  Probe  
  68  5:46  Stalker  
  70  5:57  Pylon  
  70  5:59  Protoss Ground Weapons Level 1 (Chrono Boost)  
  70  6:01  Charge (Chrono Boost)  
  70  6:04  Pylon  
  70  6:09  Pylon  
  70  6:10  Robotics Facility  
  70  6:15  Probe x2  
  72  6:27  Probe x2 (Chrono Boost)  
  72  6:28  Probe (Chrono Boost)  
  75  6:36  Gateway  
  75  6:37  Probe x2 (Chrono Boost)  
  75  6:38  Probe (Chrono Boost)  
  75  6:39  Gateway  
  78  6:41  Gateway  
  78  6:42  Probe x2 (Chrono Boost)  
  78  6:43  Probe (Chrono Boost)  
  78  6:44  Gateway  
  81  6:49  Pylon  
  81  6:53  Probe, Nexus  
  82  6:54  Observer  
  82  6:58  Pylon  
  82  7:00  Pylon  
  83  7:02  Pylon  
  83  7:04  Stalker  
  83  7:05  Stalker  
  87  7:11  Stalker x2  
  91  7:17  Warp Prism  
  91  7:20  Pylon  
  90  7:28  Stalker x2  
  94  7:32  Stalker  
  96  7:40  Stalker x2  
  96  7:42  Zealot x2  
  96  7:43  Zealot  
  104  7:52  Zealot x2  
  102  8:01  Stalker  
  102  8:04  Nexus  
  99  8:07  Zealot x5  
  99  8:08  Pylon  
  101  8:14  Protoss Ground Weapons Level 2 (Chrono Boost)  
  99  8:24  Zealot  
  99  8:25  Stalker  
  99  8:26  Zealot  
  103  8:30  Zealot x3  
  107  8:36  Photon Cannon  
  107  8:40  Shield Battery  
  107  8:42  Pylon  
  107  8:48  Stalker x2  
  107  8:50  Photon Cannon  
  107  8:51  Shield Battery  
  107  8:52  Stalker  
  107  8:55  Zealot x5, Pylon  
  113  8:56  Warp Prism (Chrono Boost)  
  114  9:13  Zealot x2  
  114  9:16  Stalker x2  
  117  9:24  Zealot x2, Stalker  
  107  9:27  Zealot  
  100  9:40  Stalker  
  100  9:41  Zealot x3  
  92  9:50  Zealot, Stalker  
  82  9:57  Probe (Chrono Boost)  
  85  10:01  Stalker  
  85  10:02  Zealot  
  85  10:04  Zealot, Probe x2 (Chrono Boost)  
  85  10:06  Probe (Chrono Boost)  
  92  10:09  Observer  
  92  10:11  Probe x3 (Chrono Boost)  
  96  10:21  Zealot, Stalker x2  
  96  10:28  Zealot x2  
  98  10:34  Warp Prism  
  96  10:37  Zealot  
  96  10:41  Stalker  
  94  10:44  Zealot  
  94  10:48  Stalker  
  76  11:01  Stalker  
  76  11:02  Zealot x3, Stalker  
  71  11:12  Stalker  
  71  11:13  Zealot x2  
  73  11:21  Probe  
  72  11:28  Probe  
  72  11:30  Stalker x2  
  77  11:35  Zealot x3  
  77  11:36  Zealot  
  77  11:38  Zealot, Stalker  
Tags
 
Add a new tag
Caveats
  • Supply blocks, unpowered buildings, or Contaminate may cause inaccurate times.
  • Supply counts are checked every 10 seconds.